 Dungeon Crawl Stone Soup version 0.21.1-1-g345015f (webtiles) character file.

1052 Solrac the Slasher (level 8, 0/78 HPs)
             Began as a Troll Fighter on Feb 23, 2018.
             Was an Initiate of Gozag.
             Slain by Duvessa
             ... wielding a +2 short sword of speed
              (6 damage)
             ... on level 6 of the Dungeon.
             The game lasted 00:22:21 (3578 turns).

Solrac the Slasher (Troll Fighter)                  Turns: 3578, Time: 00:22:21

Health: 0/78       AC: 13    Str: 25    XL:     8   Next: 5%
Magic:  16/16      EV:  7    Int:  6    God:    Gozag
Gold:   437        SH:  9    Dex:  9    Spells: 7/7 levels left

rFire    x . .     SeeInvis .   a - +0 long sword
rCold    + + .     Gourm    +   c - +0 shield
rNeg     . . .     Faith    .   k - +0 ice dragon scales
rPois    .         Spirit   .   (helmet restricted)
rElec    .         Reflect  .   u - +0 cloak
rCorr    .         Harm     .   (gloves unavailable)
MR       .....                  (boots unavailable)
Stlth    ..........             (no amulet)
HPRegen  0.63/turn              m - ring of magical power
MPRegen  0.15/turn              (no ring)

@: gold aura, drained
A: large, unfitting armour, claws 3, fast metabolism 3, gourmand, regeneration
1, shaggy fur 1, tough skin 2
a: Potion Petition, Call Merchant, Bribe Branch, Renounce Religion


You were on level 6 of the Dungeon.
You worshipped Gozag.
Gozag was aware of your devotion.
You were not hungry.

You visited 2 branches of the dungeon, and saw 7 of its levels.

You collected 502 gold pieces.
You paid 65 gold pieces to Gozag.

Inventory:

Hand Weapons
 a - a +0 long sword (weapon)
 j - a +2 quarterstaff of chaos
Missiles
 g - 102 stones (quivered)
Armour
 b - a +0 robe
 c - a +0 shield (worn)
 k - +0 ice dragon scales (worn)
 u - a +0 cloak (worn)
Jewellery
 m - a ring of magical power (left claw)
 p - an uncursed ring of flight {unknown}
Wands
 s - a wand of random effects (28)
 w - a wand of paralysis (14)
 y - a wand of digging (11)
Scrolls
 i - a scroll of fog
 n - 5 scrolls of teleportation
 o - a scroll of immolation
 r - a scroll of magic mapping
 x - 2 scrolls of remove curse {unknown}
 A - a scroll of identify
Potions
 d - a potion of might
 e - 4 potions of heal wounds
 h - 2 potions of haste {unknown}
 l - 2 potions of curing
 q - 2 potions of cancellation {unknown}
 t - a potion of resistance {unknown}
 v - a potion of ambrosia {unknown}
Books
 z - a book of Changes

   Spells                             Type                      Level
   a - Beastly Appendage              Transmutation                1
   b - Sticks to Snakes               Transmutation                2
   c - Spider Form                    Transmutation/Poison         3
   d - Ice Form                       Ice/Transmutation            4
   e - Blade Hands                    Transmutation                5
Comestibles
 f - 8 rations


   Skills:
 + Level 4.2(4.1) Fighting
 * Level 5.1(5.0) Long Blades
 + Level 4.2(4.0) Dodging
 + Level 4.2(4.0) Shields


You had 7 spell levels left.
You didn't know any spells.

Dungeon Overview and Level Annotations

Branches:
Dungeon (6/15)             Temple (1/1) D:4

Altars:
Ashenzari
Cheibriados
Dithmenos
Elyvilon
Gozag
Hepliaklqana
Kikubaaqudgha
Qazlal
Trog
Uskayaw
Zin
Jiyva

Annotations:
D:6 Dowan, Duvessa


Innate Abilities, Weirdness & Mutations

You are too large for most types of armour.
You have claws for hands.
Your metabolism is lightning-fast.
You like to eat raw meat.
Your natural rate of healing is unusually fast.
You are covered in fur. (AC +1)
You have very tough skin. (AC +2)


Message History

The goblin is heavily wounded.
Duvessa hits you but does no damage. You block the ogre's attack.
Dowan gestures wildly while chanting.
Dowan blinks!
You block the goblin's attack. Duvessa barely misses you.
You slash the goblin!
You kill the goblin!
The ogre barely misses you. Duvessa hits you but does no damage.
You hit the ogre.
The ogre is heavily wounded.
The adder is no longer distracted by gold.
Duvessa hits you but does no damage. The adder bites you but does no damage.
The goblin hits you but does no damage. The ogre hits you with a giant club!
* * * LOW HITPOINT WARNING * * *
Duvessa barely misses you.
You slash the goblin!
You kill the goblin!
You block the adder's attack.
Duvessa hits you with a short sword of speed.
You die...
Your body crumbles into a pile of gold.

###### ####....##
#........##
#.........# .
#........# ...
#.......## ###....
###...#####e......
##..##(O@$# ..
#..(.(S###
..#########..####
............## $
.............#
...........###
##.......# ##8
#.......##8..
#....[..##...


You could see Duvessa, an ogre and an adder.

Vanquished Creatures
  Sigmund (D:2)
  An ogre (D:5)
  A centaur (D:6)
  A scorpion (D:4)
  A howler monkey (D:6)
  A crimson imp (D:3)
  A hound (D:4)
  2 orc wizards (D:4)
  Crazy Yiuf (D:2)
  A centaur skeleton (D:4)
  2 iguanas (D:4)
  An orc priest (D:3)
  Terence (D:2)
  Ijyb (D:4)
  3 worker ants
  Robin (D:2)
  A howler monkey skeleton (D:4)
  6 adders
  3 oozes
  An adder skeleton (D:6)
  5 worms
  4 dart slugs
  7 leopard geckos
  19 orcs
  10 bats
  5 giant cockroaches
  19 goblins
  6 hobgoblins
  6 jackals
  8 kobolds
  4 quokkas
  A ball python (D:4)
  4 frilled lizards
  A leopard gecko skeleton (D:4)
  9 rats
139 creatures vanquished.

Notes
Turn   | Place    | Note
-------+----------+-------------------------------------------
     0 | D:1      | Solrac the Troll Fighter began the quest for the Orb.
     0 | D:1      | Reached XP level 1. HP: 22/22 MP: 0/0
    88 | D:1      | Reached XP level 2. HP: 27/29 MP: 1/1
   146 | D:1      | Reached skill level 2 in Long Blades
   269 | D:1      | Reached XP level 3. HP: 17/36 MP: 2/2
   713 | D:2      | Found a hide-covered altar of Uskayaw.
   735 | D:2      | Noticed Sigmund
   747 | D:2      | Killed Sigmund
   747 | D:2      | Reached skill level 3 in Long Blades
   747 | D:2      | Reached XP level 4. HP: 40/45 MP: 3/3
   747 | D:2      | Reached XP level 5. HP: 47/53 MP: 4/4
   811 | D:2      | Found a snail-covered altar of Cheibriados.
   946 | D:2      | Noticed Terence
   977 | D:2      | Killed Terence
  1192 | D:2      | Reached XP level 6. HP: 58/61 MP: 5/5
  1198 | D:2      | Noticed Robin
  1237 | D:2      | Killed Robin
  1641 | D:2      | Found a runed door.
  1645 | D:2      | Noticed Crazy Yiuf
  1651 | D:2      | Killed Crazy Yiuf
  2268 | D:3      | Found a hazy altar of Hepliaklqana.
  2343 | D:3      | Reached skill level 4 in Long Blades
  2393 | D:4      | Found a staircase to the Ecumenical Temple.
  2401 | Temple   | Entered the Ecumenical Temple
  2438 | Temple   | Became a worshipper of Gozag Ym Sagoz the Greedy
  2458 | D:4      | Noticed Ijyb
  2475 | D:4      | Killed Ijyb
  2538 | D:4      | Found a shattered altar of Ashenzari.
  2599 | D:4      | Reached XP level 7. HP: 67/67 MP: 6/6
  2884 | D:4      | Noticed an air elemental
  2885 | D:4      | Found a stormy altar of Qazlal.
  2913 | D:4      | Noticed a fire elemental
  2914 | D:4      | Noticed a water elemental
  3313 | D:5      | Entered Level 5 of the Dungeon
  3514 | D:6      | Found a glowing silver altar of Zin.
  3548 | D:6      | Noticed Dowan
  3551 | D:6      | Noticed Duvessa
  3555 | D:6      | Reached skill level 5 in Long Blades
  3555 | D:6      | Reached XP level 8. HP: 47/78 MP: 7/7
  3578 | D:6      | Slain by Duvessa

Skill      XL: |  1  2  3  4  5  6  7 |
---------------+----------------------+-----
Long Blades    | 2 3 4 5 |  5.1
Fighting       | 3 4 |  4.2
Dodging        | 3 4 |  4.2
Shields        | 3 4 |  4.2

Action                   |  1- 3 |  4- 6 |  7- 9 || total
-------------------------+-------+-------+-------++-------
Melee: Long sword        |   124 |   318 |   184 ||   626
  Use: Scroll            |     3 |     4 |       ||     7
 Stab: Distracted        |       |     1 |     1 ||     2
  Eat: Chunk             |    12 |    18 |       ||    30
       Ration            |       |       |     1 ||     1
Armor: Robe              |    63 |       |       ||    63
       Ice dragon scales |    30 |   210 |   115 ||   355
Dodge: Dodged            |    56 |   105 |    77 ||   238
Block: Shield            |    91 |   194 |   109 ||   394
       Rpst.: Long sword |    22 |    38 |    25 ||    85
